 Dungeon Crawl Stone Soup version 0.27-a0-1196-g3e9cee4cb2 (webtiles) character file.

Game seed: 6213786447003780356

22699 porpoise the Covert (level 13, -3/81 HPs)
             Began as an Octopode Conjurer on May 29, 2021.
             Was a Believer of Sif Muna.
             Slain by a komodo dragon (22 damage)
             ... on level 2 of the Lair of Beasts.
             The game lasted 01:36:29 (20460 turns).

porpoise the Covert (Octopode Conjurer)            Turns: 20460, Time: 01:36:30

Health: -3/81      AC:  5    Str:  8    XL:     13   Next: 2%
Magic:  1/32       EV: 14    Int: 30    God:    Sif Muna [**....]
Gold:   604        SH:  4    Dex: 11    Spells: 2/26 levels left

rFire    . . .     SeeInvis +   b - +1 hunting sling (flame)
rCold    + . .     Faith    .   e - +0 buckler
rNeg     + . .     Spirit   .   (helmet restricted)
rPois    +         Reflect  .   (no amulet)
rElec    .         Harm     .   i - +4 ring of protection
rCorr    .         Rampage  .   g - ring of magical power
Will     .....                  I - ring of positive energy
Stlth    +++++.....             d - ring "Waacs" {rPois Int+7 SInv}
HPRegen  0.23/turn              u - ring of protection from cold
MPRegen  0.23/turn              (no ring)
                                (no ring)
                                (no ring)

@: no status effects
A: almost no armour, amphibious, 8 rings, camouflage 1, gelatinous body 1,
(nimble swimmer 1), tentacles
a: Renounce Religion, Channel Magic


You were on level 2 of the Lair of Beasts.
You worshipped Sif Muna.
Sif Muna was pleased with you.
You visited 3 branches of the dungeon, and saw 15 of its levels.

You collected 1791 gold pieces.
You spent 1187 gold pieces at shops.

Inventory:

Hand Weapons
 a - the +8 rapier of Imminent Death {pain, Dex+4 Stlth+}
   (You found it on level 12 of the Dungeon)

   In the hands of one skilled in necromantic magic, it inflicts extra damage on
   living creatures.
   It affects your dexterity (+4).
   It makes you more stealthy.
 b - a +1 hunting sling of flaming (weapon)
Missiles
 w - 19 poisoned darts
 C - 22 sling bullets (quivered ammo)
 L - a throwing net
Armour
 e - a +0 buckler (worn)
Jewellery
 d - the ring "Waacs" (on tentacle) {rPois Int+7 SInv}
   (You bought it in a shop on level 5 of the Dungeon)

   [ring of poison resistance]

   It affects your intelligence (+7).
   It protects you from poison.
   It lets you see invisible.
 g - a ring of magical power (right tentacle)
 i - a +4 ring of protection (left tentacle)
 u - a ring of protection from cold (on tentacle)
 I - a ring of positive energy (on tentacle)
Wands
 f - a wand of flame (34)
 A - a wand of digging (6)
 F - a wand of mindburst (11)
 G - a wand of polymorph (8)
 P - a wand of paralysis (25)
Scrolls
 h - 6 scrolls of teleportation
 o - a scroll of magic mapping
 s - 3 scrolls of vulnerability
 x - 3 scrolls of fog
 y - a scroll of brand weapon {unknown}
 K - a scroll of enchant armour {unknown}
 M - a scroll of fear
 N - 2 scrolls of holy word {unknown}
Potions
 j - 5 potions of lignification
 m - a potion of ambrosia
 p - 4 potions of heal wounds
 r - a potion of haste
 v - 2 potions of magic
 z - a potion of curing
 B - 2 potions of flight
 D - 4 potions of invisibility
 E - a potion of cancellation
 H - a potion of might {unknown}
Miscellaneous
 O - a phial of floods


   Skills:
 - Level 5.0 Fighting
 - Level 5.0 Dodging
 - Level 9.0 Stealth
 - Level 4.0 Shields
 + Level 7.3 Spellcasting
 - Level 7.0 Conjurations
 - Level 5.0 Hexes
 - Level 7.0 Necromancy
 - Level 5.0 Translocations
 - Level 5.0 Ice Magic
 - Level 0.6 Air Magic
 - Level 7.0 Earth Magic
 - Level 9.0 Invocations
 + Level 5.4 Evocations


You had 2 spell levels left.
You knew the following spells:

 Your Spells              Type           Power      Damage    Failure   Level
b - Searing Ray           Conj           100%       3d7       1%          2
c - Iskenderun's Mystic   Conj/Tloc      47%        2d10      3%          4
d - Fulminant Prism       Conj/Hex       23%        3d13      3%          4
e - Ozocubu's Armour      Ice            40%        N/A       1%          3
r - Frozen Ramparts       Ice            80%        1d10      1%          3
v - Borgnjor's Vile Clut  Necr/Erth      26%        N/A       8%          5
w - Swiftness             Air            14%        N/A       11%         3

Your spell library contained the following spells:

 Spells                   Type           Power      Damage    Failure   Level
 Freeze                   Ice            100%       1d11      1%          1
 Magic Dart               Conj           100%       1d8       1%          1
 Shock                    Conj/Air       100%       1d9       1%          1
 Ensorcelled Hibernation  Hex/Ice        80%        N/A       1%          2
 Static Discharge         Conj/Air       34%        N/A       1%          2
 Beastly Appendage        Tmut           20%        N/A       4%          1
 Poisonous Vapours        Pois/Air       24%        N/A       6%          2
 Wereblood                Tmut           10%        N/A       7%          2
 Confusing Touch          Hex            40%        N/A       1%          3
 Dazzling Flash           Conj/Hex       94%        N/A       1%          3
 Gell's Gravitas          Tloc           20%        N/A       1%          3
 Conjure Flame            Conj/Fire      32%        6-21      3%          3
 Hailstorm                Conj/Ice       47%        3d11      3%          4
 Mephitic Cloud           Conj/Pois/Air  26%        N/A       4%          3
 Petrify                  Tmut/Erth      31%        N/A       11%         4
 Spider Form              Tmut/Pois      5%         N/A       14%         3
 Ice Form                 Ice/Tmut       25%        N/A       17%         4
 Metabolic Englaciation   Hex/Ice        20%        N/A       17%         5
 Lightning Bolt           Conj/Air       17%        1d31      26%         5
 Airstrike                Air            7%         N/A       34%         4
 Silence                  Hex/Air        13%        N/A       38%         5
 Yara's Violent Unravell  Hex/Tmut       12%        3d7       43%         5
 Freezing Cloud           Conj/Ice/Air   18%        6-21      77%         6
 Hydra Form               Tmut           5%         N/A       78%         5
 Shadow Creatures         Summ           N/A        N/A       100%        6
 Animate Armour           Summ/Erth      Unusable   N/A       N/A         4

Dungeon Overview and Level Annotations

Branches:
Dungeon (12/15)            Temple (1/1) D:7            Lair (2/6) D:8
    Orc (0/2) D:11
  Swamp: Lair:2-4    Shoals: Lair:2-4     Snake: Lair:2-4    Spider: Lair:2-4

Altars:
Ashenzari
Cheibriados
Dithmenos
Elyvilon
Fedhas
Gozag
Hepliaklqana
Kikubaaqudgha
Makhleb
Nemelex Xobeh
Okawaru
Qazlal
Ru
Sif Muna
Trog
Uskayaw
Vehumet
Wu Jian
Xom
Yredelemnul
Zin
The Shining One

Shops:
D:3 !   D:5 =(?=   D:6 *   D:10 (   D:11 ?

Annotations:
D:5 5 runed translucent doors Staff of Olgreb
D:8 exclusion: upstairs
Lair:1 exclusion: oklob plant


Innate Abilities, Weirdness & Mutations

You cannot wear most types of armour.
You are amphibious.
You can wear up to eight rings at the same time.
Your skin changes colour to match your surroundings (Stealth+).
Your rubbery body absorbs attacks. (AC +1, EV +1)
((You are camouflaged near water. (Stealth+)))
You have tentacles for arms and can constrict up to eight enemies at once.


Message History

Confirm with . or Enter, or press ? or * to list all spells.
You erupt in a blast of force!
The mystic blast hits the komodo dragon!
The komodo dragon is severely wounded.
The komodo dragon is knocked back by the mystic blast.
The komodo dragon collides with the plant!
The plant begins to die.
The mystic blast hits the komodo dragon.
The komodo dragon is severely wounded.
The komodo dragon is knocked back by the mystic blast.
A nearby plant withers and dies.
There is a stone staircase leading up, spattered with blood here.
Casting: Iskenderun's Mystic Blast (dangerous; 3% risk of failure)
Confirm with . or Enter, or press ? or * to list all spells.
You erupt in a blast of force!
The mystic blast hits the komodo dragon.
The komodo dragon is severely wounded.
The komodo dragon is knocked back by the mystic blast.
Casting: Iskenderun's Mystic Blast (dangerous; 3% risk of failure)
Confirm with . or Enter, or press ? or * to list all spells.
You don't know that spell.
Unknown command.
Unknown command.
You shoot a sling bullet.
The sling bullet hits the komodo dragon.
The sling bullet burns the komodo dragon.
The komodo dragon is almost dead.
You shoot a sling bullet.
The sling bullet hits the komodo dragon but does no damage.
The komodo dragon is almost dead.
You block the komodo dragon's attack.
You shoot a sling bullet.
The sling bullet closely misses the komodo dragon.
The sling bullet hits the komodo dragon!
The sling bullet burns the komodo dragon.
The komodo dragon is almost dead.
The komodo dragon bites you!!
* * * LOW HITPOINT WARNING * * *
The komodo dragon bites you!!
You die...

...#......♣.............
.###..###...#..+......#.
.......###+#..#P.......
##....###.....##÷....#
.###.....+#...##.....###
#.......................
#.......................
#..............l..(.....
..>...........(l@.......
..†.....##....#.........
.......####.##.#........
.#......#.....##...P.##.
#......##.....#....###
.......##......#...#
..............##....
##............##...#.


You could see 2 komodo dragons.

Vanquished Creatures
  Azrael (D:12)
  A boulder beetle (D:12)
  Fannar (D:11)
  A hydra (D:12)
  4 two-headed ogres
  A tengu warrior (D:10)
  Urug (D:10)
  A manticore (D:11)
  A gargoyle (D:12)
  Maggie (Lair:1)
  3 cane toads
  Psyche (D:8)
  A kobold demonologist (D:5)
  2 rime drakes
  A komodo dragon (D:11)
  6 trolls
  3 slime creatures (D:12)
  3 wyverns
  A wraith (D:11)
  29 yaks
  4 fire elementals (D:12)
  A steam dragon (D:9)
  An acid dragon (D:8)
  5 water moccasins
  3 hell hounds (D:12)
  6 orc warriors
  A black bear (Lair:1)
  An ice beast (D:5)
  3 ogres
  9 centaurs
  2 phantoms (D:5)
  3 kobold brigands
  4 scorpions
  6 bullfrogs
  A gnoll sergeant (D:7)
  A wyvern skeleton (D:7)
  A water moccasin skeleton (D:6)
  5 killer bees (D:9)
  2 electric eels (D:8)
  3 centaur zombies
  2 bullfrog zombies
  3 hounds
  3 orc priests (D:11)
  A bullfrog skeleton (D:4)
  3 jellies
  Jessica (D:2)
  2 centaur skeletons
  10 orc wizards
  3 iguanas
  A killer bee zombie (D:6)
  2 hound zombies (D:5)
  A hound skeleton (D:5)
  3 howler monkey zombies
  21 gnolls
  5 adders
  A shadow imp (D:7)
  2 white imps
  2 ufetubi
  2 worms (D:2)
  A dart slug (D:4)
  28 orcs
  2 bats
  3 endoplasms
  2 giant cockroaches
  4 goblins
  8 hobgoblins
  4 jackals (D:3)
  17 kobolds
  5 quokkas
  13 ball pythons
  2 frilled lizards (D:2)
  6 rats
288 creatures vanquished.

Vanquished Creatures (others)
  14 fulminant prisms
  18 fungi
  26 plants
58 creatures vanquished.

Grand Total: 346 creatures vanquished

Notes
Turn   | Place    | Note
-------+----------+-------------------------------------------
     0 | D:1      | porpoise the Octopode Conjurer began the quest for the Orb.
     0 | D:1      | Reached XP level 1. HP: 11/11 MP: 3/3
   369 | D:1      | Reached XP level 2. HP: 17/17 MP: 3/5
   372 | D:1      | Learned a level 2 spell: Searing Ray
  1242 | D:2      | Reached XP level 3. HP: 21/21 MP: 0/6
  1487 | D:2      | Reached XP level 4. HP: 27/27 MP: 4/8
  1624 | D:2      | Noticed Jessica
  1630 | D:2      | Killed Jessica
  2162 | D:2      | Reached skill level 5 in Conjurations
  2162 | D:2      | Reached XP level 5. HP: 31/31 MP: 5/9
  3014 | D:3      | You fall into a shaft and drop 1 floor!
  3022 | D:4      | Reached XP level 6. HP: 30/36 MP: 1/11
  3446 | D:3      | Learned a level 4 spell: Iskenderun's Mystic Blast
  3451 | D:3      | Learned a level 4 spell: Fulminant Prism
  3522 | D:3      | Found a faded altar of an unknown god.
  3690 | D:3      | Found Waanaept's Distillery.
  3700 | D:3      | Bought a potion of heal wounds for 65 gold pieces
  3700 | D:3      | Bought a potion of degeneration for 13 gold pieces
  4401 | D:3      | You fall into a shaft and drop 1 floor!
  4684 | D:4      | Reached skill level 5 in Stealth
  4893 | D:4      | Found a stormy altar of Qazlal.
  5143 | D:5      | Entered Level 5 of the Dungeon
  5143 | D:5      | Noticed a water moccasin
  5149 | D:5      | Killed a water moccasin
  5150 | D:5      | Reached XP level 7. HP: 35/41 MP: 5/13
  5290 | D:5      | Found Zoxisuem's Weapon Emporium.
  5345 | D:5      | Found Hoh Solu's Jewellery Boutique.
  5350 | D:5      | Reached skill level 5 in Spellcasting
  5366 | D:5      | Learned a level 3 spell: Ozocubu's Armour
  5378 | D:5      | Reached skill level 1 in Shields
  5538 | D:5      | Found Ikhok's Jewellery Shop.
  5575 | D:5      | Reached XP level 8. HP: 35/46 MP: 9/15
  5740 | D:5      | Found Paenuwecs's Weapon Shop.
  5857 | D:5      | Noticed a redback
  5858 | D:5      | Found a runed translucent gate.
  5858 | D:5      | Noticed a redback
  5860 | D:5      | Found the +9 staff of Olgreb {rPois∞}
  5863 | D:5      | Found a runed translucent door.
  5912 | D:5      | Found a runed translucent door.
  5918 | D:5      | Noticed a redback
  5922 | D:5      | Found a runed translucent gate.
  5922 | D:5      | Found a runed translucent gate.
  5938 | D:5      | Noticed a redback
  6047 | D:5      | Found Horal's Magic Scroll Emporium.
  6138 | D:5      | Found a burning altar of Makhleb.
  6144 | D:5      | Reached skill level 1 in Translocations
  6180 | D:5      | Learned a level 3 spell: Frozen Ramparts
  6624 | D:6      | Found Upasmenua's Assorted Antiques.
  6630 | D:6      | Noticed a yak
  6636 | D:6      | Noticed a yak
  6637 | D:6      | Killed a yak
  6672 | D:6      | Noticed a yak
  6673 | D:6      | Noticed a yak
  6678 | D:6      | Noticed a yak
  6688 | D:5      | Killed a yak
  6948 | D:6      | Noticed a kobold demonologist
  6957 | D:5      | Killed a kobold demonologist
  6958 | D:5      | Reached XP level 9. HP: 51/51 MP: 7/16
  7541 | D:5      | Reached skill level 5 in Translocations
  7673 | D:5      | Reached skill level 1 in Ice Magic
  7919 | D:6      | Bought a scroll labelled RETOACYNOO for 23 gold pieces
  7919 | D:6      | Bought a metallic white potion for 20 gold pieces
  7919 | D:6      | Bought a scroll labelled RETOACYNOO for 23 gold pieces
  7919 | D:6      | Bought a scroll labelled FOTOIP KIQOKEAMP for 23 gold
                  | pieces
  7919 | D:6      | Bought a puce potion for 20 gold pieces
  8286 | D:6      | Reached skill level 1 in Evocations
  9156 | D:7      | Found a bloodstained altar of Trog.
  9470 | D:7      | Reached skill level 5 in Dodging
  9682 | D:7      | Reached skill level 1 in Fighting
  9682 | D:7      | Reached XP level 10. HP: 58/58 MP: 11/17
 10049 | D:7      | Found a staircase to the Ecumenical Temple.
 10141 | D:8      | Identified a scroll of acquirement
 10141 | D:8      | Acquired 1083 gold pieces
 10232 | D:5      | Bought the ring "Waacs" {rPois Int+7 SInv} for 642 gold
                  | pieces
 10232 | D:5      | Bought a ring of magical power for 280 gold pieces
 10889 | D:8      | Reached skill level 5 in Ice Magic
 10924 | D:8      | Noticed Psyche
 10929 | D:8      | Killed Psyche
 10994 | D:8      | Found a staircase to the Lair.
 11027 | D:8      | Reached skill level 1 in Hexes
 11690 | Temple   | Entered the Ecumenical Temple
 11881 | Temple   | Became a worshipper of Sif Muna the Loreminder
 11917 | D:9      | Noticed a two-headed ogre
 11922 | D:9      | Killed a two-headed ogre
 12108 | D:9      | Found an opulent altar of Gozag.
 12108 | D:9      | Found a sparkling altar of Nemelex Xobeh.
 12254 | D:9      | Reached skill level 5 in Fighting
 12335 | D:9      | Reached skill level 1 in Invocations
 12341 | D:9      | Reached skill level 5 in Evocations
 12460 | D:9      | Reached XP level 11. HP: 46/71 MP: 17/18
 12935 | D:9      | Reached skill level 5 in Hexes
 13064 | D:9      | Noticed a two-headed ogre
 13070 | D:9      | Killed a two-headed ogre
 13290 | D:9      | Learned a level 3 spell: Swiftness
 13328 | D:10     | Entered Level 10 of the Dungeon
 13355 | D:10     | Reached skill level 5 in Invocations
 13442 | D:10     | Found a broken altar of Ashenzari.
 13442 | D:10     | Noticed a tengu warrior
 13520 | Lair:1   | Entered Level 1 of the Lair of Beasts
 13615 | Lair:1   | Found a broken altar of Ashenzari.
 13616 | Lair:1   | Noticed an oklob plant
 14054 | Lair:1   | Noticed Maggie
 14062 | Lair:1   | Killed Maggie
 14136 | Lair:1   | Reached * piety under Sif Muna
 14707 | Lair:1   | Found a snail-covered altar of Cheibriados.
 14784 | Lair:1   | Learned a level 5 spell: Borgnjor's Vile Clutch
 15359 | D:10     | Reached skill level 1 in Necromancy
 15359 | D:10     | Reached skill level 1 in Earth Magic
 15404 | D:10     | Found Alaclaos's Hydra Hut.
 15405 | D:10     | Noticed a seven-headed hydra
 15548 | D:10     | Killed a tengu warrior
 15730 | D:10     | Noticed Urug
 15737 | D:10     | Paralysed by Urug for 5 turns
 15750 | D:10     | Killed Urug
 15812 | D:10     | Noticed a two-headed ogre
 15816 | D:10     | Killed a two-headed ogre
 15817 | D:10     | Reached XP level 12. HP: 77/77 MP: 20/22
 16586 | D:11     | Noticed a two-headed ogre
 16593 | D:11     | Killed a two-headed ogre
 16875 | D:3      | Bought 2 potions of curing for 78 gold pieces
 17119 | D:11     | Noticed Fannar
 17127 | D:11     | Killed Fannar
 17329 | D:11     | Found Jac Edof's Magic Scroll Shoppe.
 17345 | D:11     | Found a staircase to the Orcish Mines.
 17791 | D:12     | Identified the +8 rapier of Imminent Death {pain, Dex+4
                  | Stlth+}
 17894 | D:12     | Reached skill level 5 in Necromancy
 17894 | D:12     | Reached skill level 5 in Earth Magic
 17947 | D:12     | Noticed Azrael
 17960 | D:12     | HP: 1/77 [Azrael/fireball (26)]
 17961 | D:12     | Killed Azrael
 18118 | D:12     | Found a stormy altar of Qazlal.
 18471 | D:12     | Noticed a four-headed hydra
 18693 | D:12     | Reached ** piety under Sif Muna
 19302 | D:12     | Killed a four-headed hydra
 19551 | D:12     | Noticed a boulder beetle
 19572 | D:12     | Killed a boulder beetle
 20340 | Lair:1   | Reached XP level 13. HP: 81/81 MP: 23/23
 20460 | Lair:2   | Slain by a komodo dragon

Illustrated notes

Levels and vault maps discovered:
D:1:      scummos_arrival_gate, layout_loops_corners
D:2:      layout_basic, uniq_jessica
D:3:      layout_basic, serial_forest, infiniplex_forest_split,
          infiniplex_forest_zigzag_1, infiniplex_forest_clump_large,
          infiniplex_forest_clump_cross, infiniplex_forest_end_3, serial_shops,
          nicolae_shop_temple_entry_statues_fountains,
          ebering_ecumenical_altar_petrified, columned_hall_lemuel
D:4:      layout_loops_ring, nicolae_overflow_crystal_walls
D:5:      layout_basic, makhleb_heckhound_becter, serial_shops,
          kennysheep_mini_moat, nicolae_shop_waterfront, shop, shop, shop,
          minmay_guarded_unrand_staff_of_olgreb
D:6:      layout_cave_pools, serial_shops, shop
D:7:      layout_basic, bloody_trog, minmay_temple_entry_from_below_b
D:8:      layout_loops_ring, grunt_lair_entry_orc_guard_hut,
          lightli_bailey_entry_fortress, minmay_crystal_room, fungi_pond_lemuel,
          minmay_crystal_water, uniq_psyche
D:9:      layout_long_grid, grunt_temple_overflow_opulence, grunt_ministairs_9
D:10:     layout_loops_cross, ashenzari_conservatory_becter, nicolae_sextant,
          kennysheep_nondescript, eino_tiny_chamber, doesnt_shop_hydraphobe,
          uniq_urug
D:11:     layout_rooms, david_orc_3, serial_shops, nicolae_shop_waterfront,
          uniq_fannar
D:12:     layout_irregular_city, nicolae_qazlal_style_of_elements, uniq_azrael
Temple:   nicolae_temple_elliptical
Lair:1:   layout_loops_ring, basic_altar, lemuel_oklob_altar, uniq_maggie
Lair:2:   layout_regular_city, guppyfry_snake_entry_garden, serial_bayou_lake_a,
          grunt_megastairs_4

Skill      XL: |  1  2  3  4  5  6  7  8  9 10 11 12 |
---------------+-------------------------------------+-----
Stealth        | 3 4 5 6 8 9 |  9.0
Spellcasting   | 3 4 5 7 |  7.3
Conjurations   | 5 6 7 |  7.0
Shields        | 1 4 |  4.0
Translocations | 3 5 |  5.0
Dodging        | 5 |  5.0
Ice Magic      | 4 5 |  5.0
Evocations     | 2 5 |  5.4
Fighting       | 1 5 |  5.0
Hexes          | 4 5 |  5.0
Invocations    | 2 7 9 |  9.0
Necromancy     | 3 7 |  7.0
Earth Magic    | 3 7 |  7.0
Air Magic      | |  0.6

Action                   |  1- 3 |  4- 6 |  7- 9 | 10-12 | 13-15 || total
-------------------------+-------+-------+-------+-------+-------++-------
Melee: Whip              |     1 |       |       |       |       ||     1
       Short sword       |     1 |     9 |     6 |     7 |       ||    23
       Tentacles         |       |     3 |     1 |     2 |       ||     6
       Constrict         |       |     3 |       |     2 |       ||     5
 Fire: Hunting sling     |       |     9 |    60 |   148 |     5 ||   222
Throw: Dart              |       |       |     7 |     6 |       ||    13
       Throwing net      |       |       |       |     1 |       ||     1
 Cast: Magic Dart        |    36 |    36 |    10 |       |       ||    82
       Searing Ray       |     6 |    29 |    57 |   114 |     3 ||   209
       Iskenderun's Myst |       |       |    13 |    21 |     7 ||    41
       Fulminant Prism   |       |       |       |    14 |       ||    14
       Frozen Ramparts   |       |       |       |    12 |       ||    12
       Ozocubu's Armour  |       |       |       |     2 |       ||     2
       Borgnjor's Vile C |       |       |       |     2 |       ||     2
Evoke: Wand              |       |       |       |    10 |       ||    10
  Use: Scroll            |       |     8 |     5 |    10 |       ||    23
       Potion            |       |       |     1 |     4 |       ||     5
 Stab: Paralysed         |       |       |       |     3 |       ||     3
Armor: Skin              |       |     4 |    20 |    14 |     1 ||    39
Dodge: Dodged            |     4 |    15 |    56 |    55 |     3 ||   133
Block: Buckler           |       |       |    10 |    20 |     1 ||    31

Table legend: (Time is in decaauts)
 A = Elapsed time spent in this place.
 B = Non-inter-level travel time spent in this place.
 C = Inter-level travel time spent in this place.
 D = Time resting spent in this place.
 E = Time spent auto-exploring this place.
 F = Levels seen in this place.
 G = Mean time per level.
                   A        B        C        D        E       F      G
               +--------+--------+--------+--------+--------+-----+--------+
         Total |  20532 |  19019 |   1513 |   8457 |   7932 |  15 | 1368.8 |
       Dungeon |  18359 |  16935 |   1424 |   7621 |   7045 |  12 | 1529.9 |
        Temple |    196 |    167 |     29 |      0 |    166 |   1 |  196.0 |
          Lair |   1976 |   1917 |     59 |    836 |    721 |   2 |  988.0 |
               +--------+--------+--------+--------+--------+-----+--------+

Top non-repeatable levels by time:
     D:5: 2882 daAuts
    D:12: 2027 daAuts
  Lair:1: 1763 daAuts
     D:8: 1643 daAuts
     D:7: 1573 daAuts
     D:2: 1569 daAuts
    D:10: 1462 daAuts
     D:3: 1429 daAuts
     D:9: 1282 daAuts
     D:1: 1271 daAuts
    D:11: 1204 daAuts
     D:6: 1015 daAuts
     D:4: 995 daAuts
  Lair:2: 212 daAuts
  Temple: 196 daAuts
